 Dungeon Crawl Stone Soup version 0.17-a0-777-g32247ce (webtiles) character file.

6448 RobertPalmer the Sharpshooter (level 11, -3/57 HPs)
             Began as a Kobold Hunter on Apr 25, 2015.
             Was a Priest of Okawaru.
             Slain by a troll (6 damage)
             ... on level 9 of the Dungeon.
             The game lasted 00:33:26 (12897 turns).

RobertPalmer the Sharpshooter (Kobold Hunter)      Turns: 12897, Time: 00:33:27

Health: -3/57      AC:  6    Str: 10    XL:     11   Next: 18%
Magic:  11/11      EV: 18    Int: 18    God:    Okawaru [***...]
Gold:   590        SH:  0    Dex: 18    Spells: 0 memorised, 10 levels left

rFire  . . .     SeeInvis .     a - +2 short sword (speed)
rCold  . . .     Clarity  .     G - +1 robe {MR+}
rNeg   . . .     SustAb   .     (shield restricted)
rPois  +         Gourm    .     B - +0 helmet
rElec  .         Spirit   .     s - +0 cloak
rCorr  .         Warding  .     t - +0 pair of gloves
rMut   .         Stasis   .     (no boots)
MR     +....                    c - amulet of regeneration {+regen, !d}
Stlth  ++........               l - ring of poison resistance {rPois, !d}
                                n - +6 ring of intelligence

@: somewhat resistant to hostile enchantments, unstealthy
A: carnivore 3
a: Heroism, Renounce Religion


You were on level 9 of the Dungeon.
You worshipped Okawaru.
Okawaru was most pleased with you.
You were full.

You visited 3 branches of the dungeon, and saw 11 of its levels.

You collected 706 gold pieces.
You spent 116 gold pieces at shops.

Inventory:

Hand weapons
 a - a +2 short sword of speed (weapon)
   (You took it off a kobold on level 5 of the Dungeon)
 b - a +1 arbalest
   (You found it on level 3 of the Dungeon)
Missiles
 E - a throwing net {=f, !d}
Armour
 s - a +0 cloak (worn)
   (You bought it in a shop on level 4 of the Dungeon)
 t - a +0 pair of gloves (worn)
   (You bought it in a shop on level 4 of the Dungeon)
 B - a +0 helmet (worn)
   (You found it on level 5 of the Dungeon)
 G - a +1 robe of magic resistance (worn)
   (You took it off Erica on level 8 of the Dungeon)
Jewellery
 c - an amulet of regeneration (around neck) {+regen, !d}
   (You took it off a goblin on level 7 of the Dungeon)
 l - a ring of poison resistance (right hand) {rPois, !d}
   (You found it on level 1 of the Lair of Beasts)
 n - a +6 ring of intelligence (left hand)
   (You found it on level 8 of the Dungeon)
 u - an uncursed ring of protection from cold {rC+, !d}
   (You found it on level 4 of the Dungeon)
 C - an uncursed ring of protection from cold {rC+, !d}
   (You found it on level 6 of the Dungeon)
 J - an uncursed ring of wizardry {Wiz+, !d}
   (You found it on level 9 of the Dungeon)
 K - an uncursed ring of sustain abilities {SustAb}
   (You found it on level 1 of the Lair of Beasts)
Magical devices
 o - a wand of frost (17)
   (You found it on level 8 of the Dungeon)
 y - a wand of digging (24)
   (You found it on level 4 of the Dungeon)
 A - a wand of magic darts (26)
   (You took it off a kobold on level 5 of the Dungeon)
 F - a wand of fireball (3)
   (You found it on level 7 of the Dungeon)
Scrolls
 g - 2 scrolls of identify
 h - a scroll of amnesia
 j - 2 scrolls of enchant weapon
 q - 2 scrolls of fog
 v - 4 scrolls of remove curse
 x - a scroll of magic mapping {!r}
 D - 2 scrolls of teleportation
Potions
 d - a potion of flight
 f - a potion of berserk rage {!q}
 i - 2 potions of ambrosia {!q}
 k - a potion of curing
 m - a potion of beneficial mutation {unknown}
 p - a potion of restore abilities
 r - a potion of magic {unknown}
 w - 2 potions of agility
Comestibles
 e - 2 meat rations {@e2}
 z - 6 beef jerkies
 I - 7 slices of pizza


   Skills:
 - Level 2.1 Fighting
 - Level 9.0 Short Blades
 - Level 16.4 Crossbows
 + Level 5.0 Dodging
 - Level 1.3 Stealth


You had 10 spell levels left.
You didn't know any spells.

Dungeon Overview and Level Annotations

Branches:
Dungeon (9/15)             Temple (1/1) D:7            Lair (1/8) D:8
    Orc: D:9-12

Altars:
Ashenzari
Cheibriados
Dithmenos
Elyvilon
Fedhas
Gozag
Kikubaaqudgha
Makhleb
Nemelex Xobeh
Okawaru
Qazlal
Ru
Sif Muna
Trog
Vehumet
Xom
Yredelemnul
Zin
The Shining One

Shops:
D:4 [

Annotations:
D:2 Terence
D:3 Sithun's ghost, average HEAE


Innate Abilities, Weirdness & Mutations

You are small and have problems with some larger weapons.
You are carnivorous and can eat meat at any time.


Message History

Okawaru accepts your kill.
No target in view!
No target in view!
Items here: ( )) † an uncursed trident; an uncursed shortbow; 22 arrows; a centaur corpse 2 orcs and an orc warrior come into view.
You regained 11 hp, and now have 48/57 hp.
There are monsters nearby!
There are monsters nearby!
There are monsters nearby!
Items here: ( )) † an uncursed trident; an uncursed shortbow; 22 arrows; a centaur corpse You see here an adder corpse.
You see here 2 arrows.
You see here 16 stones.
There is a stone staircase leading down here.
A crimson imp comes into view.
Health restored: 57 The crimson imp shouts!
You hit the crimson imp. You hit the crimson imp. You hit the crimson imp.
The crimson imp closely misses you.
You hit the crimson imp but do no damage.
You closely miss the crimson imp. The crimson imp hits you.
You take 4 damage, and have 53/57 hp.
You hit the crimson imp. You closely miss the crimson imp.
The crimson imp hits you.
You take 1 damage, and have 52/57 hp.
You closely miss the crimson imp.
You hit the crimson imp but do no damage.
You closely miss the crimson imp.
The crimson imp hits you but does no damage.
You hit the crimson imp but do no damage.
You miss the crimson imp. The crimson imp misses you.
You hit the crimson imp. You hit the crimson imp. The crimson imp misses you.
You hit the crimson imp. You hit the crimson imp. The crimson imp misses you.
You barely miss the crimson imp. You closely miss the crimson imp.
You closely miss the crimson imp.
The crimson imp grins evilly.
The crimson imp blinks!
You hit the crimson imp but do no damage.
You hit the crimson imp. The crimson imp hits you.
You take 1 damage, and have 55/57 hp.
You hit the crimson imp.
You kill the crimson imp!
Okawaru accepts your kill.
Your Dodging skill increases to level 5!
Health restored: 57 An orc comes into view.
The orc shouts!
The orc barely misses you.
You closely miss the orc. The orc misses you.
You barely miss the orc. The orc closely misses you.
The orc completely misses you.
You see here 2 potions of agility.
w - 2 potions of agility The orc closely misses you.
The efreet gestures at you.
The fireball explodes!
The fireball engulfs the orc.
The orc dies!
The fireball engulfs you!
Ouch! That really hurt!
You hear a shout! x5
You take 31 damage, and have 26/57 hp.
MASSIVE DAMAGE!!
A troll comes into view.
The troll completely misses you. The troll claws you.
The troll barely misses you.
You take 5 damage, and have 25/57 hp.
Unknown command.
You see here a war axe.
The efreet gestures at you. The bolt of fire hits you!
* * * LOW HITPOINT WARNING * * *
You take 19 damage, and have 8/57 hp.
MASSIVE DAMAGE!!
The troll bites you!
* * * LOW HITPOINT WARNING * * *
The troll claws you!
* * * LOW HITPOINT WARNING * * *
The troll barely misses you.
You take 15 damage, and have 5/57 hp.
MASSIVE DAMAGE!!
You hit the efreet but do no damage.
Unknown command.
Read which item? (? for menu, Esc to quit)
Okay, then.
Drink which item? (? for menu, Esc to quit)
Okay, then.
Read which item? (? for menu, Esc to quit)
Really read
H - a scroll of holy word {!r}?
As you read the scroll of holy word {!r}, it crumbles to dust.
You speak a Word of immense power!
The efreet convulses!
The troll bites you.
* * * LOW HITPOINT WARNING * * *
The troll closely misses you. The troll claws you.
You die...

.. #.# #.# #
###########.####.#
######)†(............<#
#......####.##.#.####.#
#.###### #.##.#.# #.#
#.# #.##.#.# #.# #.#
#.##.#.# #.# #.#
######.##.#.# #.# #.#
#..T@R......# #.# #.#
#.####§##.### #<# #.#
#.# #§.....# #.# #.#
#.####......####.# #
#.# #........(.......#
#.#####.#
#######.....####.#
#.......# #.....#....#
#..###### #.#.###.####
#.. #.#.# #.#


You could see a troll and an efreet (dazed).

Vanquished Creatures
  Erica (D:8)
  A black mamba (Lair:1)
  Sigmund (D:6)
  A hog (D:8)
  2 yaks (Lair:1)
  A deep elf fighter (D:8)
  2 hippogriffs
  A human (D:8)
  A hungry ghost (D:9)
  A black bear (D:3)
  2 water moccasins
  An orc warrior (D:8)
  2 ice beasts
  2 sky beasts (D:7)
  2 necrophages
  2 phantoms
  3 ogres (D:6)
  A crocodile (D:7)
  6 giant frogs
  A big kobold (D:9)
  8 centaurs
  A gnoll sergeant (D:5)
  5 jellies
  4 wights (D:8)
  4 crimson imps
  A giant frog skeleton (D:9)
  A centaur zombie (D:7)
  3 hounds
  4 orc priests
  6 iguanas
  Ijyb (D:3)
  5 worker ants
  7 orc wizards
  3 sheep (D:8)
  A hound zombie (D:6)
  A hound skeleton (D:8)
  10 adders
  9 gnolls
  3 river rats
  2 shadow imps
  3 oozes
  5 worms
  4 giant geckos
  17 orcs
  2 bat zombies
  5 giant cockroaches
  15 goblins
  18 hobgoblins
  9 jackals
  2 quokkas
  3 ball pythons
  28 bats
  8 giant newts
  A giant spore (D:8)
  20 kobolds
  26 rats
  A ballistomycete (D:8)
280 creatures vanquished.

Vanquished Creatures (others)
  A giant gecko (D:8)
  An orc (D:9)
  A rat (D:8)
3 creatures vanquished.

Grand Total: 283 creatures vanquished

Notes
Turn   | Place    | Note
--------------------------------------------------------------
     0 | D:1      | RobertPalmer, the Kobold Hunter, began the quest for the Orb.
     0 | D:1      | Reached XP level 1. HP: 12/12 MP: 1/1
    45 | D:1      | Reached skill level 1 in Short Blades
    95 | D:1      | Reached skill level 2 in Short Blades
    95 | D:1      | Reached XP level 2. HP: 8/17 MP: 2/2
   564 | D:1      | Reached skill level 3 in Short Blades
   579 | D:1      | Reached XP level 3. HP: 19/21 MP: 3/3
  1087 | D:2      | Reached skill level 4 in Short Blades
  1153 | D:2      | Noticed Terence
  1440 | D:2      | Reached XP level 4. HP: 21/26 MP: 4/4
  2139 | D:2      | Reached skill level 5 in Short Blades
  2735 | D:3      | Noticed a black bear
  2759 | D:3      | Killed a black bear
  2759 | D:3      | Reached skill level 6 in Short Blades
  2759 | D:3      | Reached XP level 5. HP: 16/30 MP: 5/5
  2948 | D:3      | Noticed an ice beast
  2965 | D:3      | HP: 6/30 [ice beast (3)]
  2965 | D:3      | HP: 1/30 [ice beast (5)]
  2967 | D:3      | Killed an ice beast
  2967 | D:3      | Reached skill level 7 in Short Blades
  2967 | D:3      | Reached XP level 6. HP: 1/35 MP: 6/6
  3334 | D:3      | Noticed Ijyb
  3372 | D:3      | Killed Ijyb
  3372 | D:3      | Reached skill level 8 in Short Blades
  3903 | D:3      | Noticed a centaur
  3909 | D:3      | HP: 3/35 [centaur/arrow (8)]
  3939 | D:3      | Killed a centaur
  3939 | D:3      | Reached XP level 7. HP: 17/40 MP: 7/7
  4165 | D:3      | Reached skill level 9 in Short Blades
  4174 | D:3      | Noticed Sithun's ghost (average HEAE)
  4250 | D:3      | HP: 8/40 [Sithun's ghost (12)]
  4661 | D:3      | Reached skill level 5 in Crossbows
  5194 | D:4      | Found Syeroce's Armour Emporium.
  5213 | D:4      | Bought a +0 cloak for 58 gold pieces
  5213 | D:4      | Bought a +0 pair of gloves for 58 gold pieces
  5894 | D:5      | Entered Level 5 of the Dungeon
  5930 | D:4      | Reached skill level 6 in Crossbows
  6311 | D:5      | Reached skill level 7 in Crossbows
  6311 | D:5      | Reached XP level 8. HP: 44/44 MP: 8/8
  6457 | D:5      | HP: 6/44 [gnoll/spear (9)]
  6695 | D:5      | HP: 7/44 [acid (5)]
  6993 | D:6      | Reached skill level 8 in Crossbows
  7004 | D:6      | Noticed Sigmund
  7770 | D:5      | Found a snail-covered altar of Cheibriados.
  7865 | D:6      | Killed Sigmund
  7865 | D:6      | Reached skill level 9 in Crossbows
  8003 | D:6      | Reached skill level 10 in Crossbows
  8182 | D:6      | Reached XP level 9. HP: 32/48 MP: 9/9
  8469 | D:6      | Reached skill level 11 in Crossbows
  9260 | D:7      | Found a sacrificial altar of Ru.
  9260 | D:7      | Found a shattered altar of Ashenzari.
  9325 | D:7      | Found a staircase to the Ecumenical Temple.
  9333 | Temple   | Entered the Ecumenical Temple
  9364 | Temple   | Became a worshipper of Warmaster Okawaru
  9406 | D:7      | Found a radiant altar of Vehumet.
  9428 | D:7      | Reached skill level 12 in Crossbows
  9431 | D:7      | Found a basalt altar of Yredelemnul.
  9441 | D:7      | Found a burning altar of Makhleb.
  9971 | D:7      | Acquired Okawaru's first power
  9971 | D:7      | Reached skill level 13 in Crossbows
 10038 | D:7      | Found a white marble altar of Elyvilon.
 10316 | D:8      | Reached XP level 10. HP: 53/53 MP: 10/10
 10602 | D:8      | Reached skill level 14 in Crossbows
 10613 | D:8      | Noticed Erica
 10649 | D:8      | Found a stormy altar of Qazlal.
 10751 | D:8      | Killed Erica
 10897 | D:8      | Reached skill level 15 in Crossbows
 11740 | D:8      | Found a staircase to the Lair.
 11749 | D:8      | Reached skill level 16 in Crossbows
 11755 | Lair:1   | Entered Level 1 of the Lair of Beasts
 11778 | Lair:1   | Reached XP level 11. HP: 50/57 MP: 11/11
 12003 | Lair:1   | Noticed a black mamba
 12018 | Lair:1   | Killed a black mamba
 12124 | Lair:1   | Reached skill level 3 in Dodging
 12413 | Lair:1   | Reached skill level 4 in Dodging
 12548 | Lair:1   | Noticed an elephant
 12833 | D:9      | Reached skill level 5 in Dodging
 12870 | D:9      | HP: 7/57 [efreet/bolt of fire (20)]
 12893 | D:9      | HP: 13/57 [troll (8)]
 12893 | D:9      | HP: 5/57 [troll (8)]
 12897 | D:9      | Slain by a troll

Action                   |  1- 3 |  4- 6 |  7- 9 | 10-12 || total
-------------------------+-------+-------+-------+-------++-------
Melee: Short sword       |   142 |   187 |   468 |   365 ||  1162
 Fire: Hand crossbow     |     8 |    41 |   119 |       ||   168
       Arbalest          |       |       |    57 |   100 ||   157
  Use: Scroll            |       |     5 |    18 |     5 ||    28
       Potion            |       |     3 |     3 |     1 ||     7
 Stab: Sleeping          |     3 |       |     1 |       ||     4
  Eat: Chunk             |     7 |     2 |     9 |     9 ||    27
       Meat ration       |     1 |     1 |     1 |     1 ||     4

Vault maps used:
D:1:      tarquinn_simple_flora_water_d
D:2:      grunt_ministairs_11, uniq_terence
D:3:      first_bread, minmay_bad_closet, kennysheep_boxes, uniq_iyjb
D:4:      serial_shops, shop_coins, serial_column_ruins, column_ruins_hut,
          column_ruins_courtyard_long, column_ruins_open_medium,
          column_ruins_grid_1, column_ruins_open_medium, column_ruins_open_tiny,
          column_ruins_corridor_straight, column_ruins_open_tiny,
          minmay_fountain_box, corexii_hall_statues_u, grunt_ministairs_5
D:5:      basic_altar
D:6:      uniq_sigmund
D:7:      nicolae_overflow_quartered_altars, gammafunk_temple_overflow_wave,
          minmay_temple_entry_glassed_door
D:8:      lemuel_round_altar, grunt_lair_entry_elf_guard_hut, grunt_livestock,
          uniq_erica
Temple:   eino_temple_water_12
Lair:1:   lemuel_reptile_caves, serial_forest, infiniplex_forest_clump_tiny,
          infiniplex_forest_end_2, infiniplex_forest_fountain,
          infiniplex_forest_lined_3, infiniplex_forest_fountain,
          infiniplex_forest_straight_2, infiniplex_forest_lined_3_way,
          hangedman_lair_generics_rect

Table legend:
 A = Turns spent in this place as a percentage of turns spent in the entire game.
 B = Non-inter-level travel turns spent in this place as a percentage of non-inter-level travel turns spent in the entire game.
 C = Inter-level travel turns spent in this place as a percentage of turns spent in this place.
 D = Turns resting spent in this place as a percentage of non-inter-level travel turns spent in this place.
 E = Turns spent auto-exploring this place as a percentage of non-inter-level travel turns spent in this place.
 F = Non-inter-level travel turns spent in this place divided by the number of levels of this place that you've seen.
                   A       B       C       D       E      F
               +-------+-------+-------+-------+-------+----------------------
         Total | 100.0 | 100.0 |   0.5 |   1.8 |   6.1 | 439.1
       Dungeon |  87.4 |  87.3 |   0.5 |   1.9 |   6.8 | 468.7
        Temple |   0.7 |   0.6 |   3.1 |   0.0 |   0.0 |  31.0
          Lair |  12.0 |  12.0 |   0.0 |   1.0 |   1.0 | 581.0
               +-------+-------+-------+-------+-------+----------------------

Table legend:
 A = Kills in this place as a percentage of kills in entire the game.
 B = Kills by you in this place as a percentage of kills by you in the entire game.
 C = Kills by friends in this place as a percentage of kills by friends in the entire game.
 D = Other kills in this place as a percentage of other kills in the entire game.
 E = Experience gained in this place as a percentage of experience gained in the entire game.
 F = Experience gained in this place divided by the number of levels of this place that you have seen.
                   A       B       C       D       E      F
               +-------+-------+-------+-------+-------+----------------------
         Total | 100.0 | 100.0 |  -nan |  -nan | 100.0 | 837.5
       Dungeon |  96.1 |  96.1 |  -nan |  -nan |  84.4 | 863.6
          Lair |   3.9 |   3.9 |  -nan |  -nan |  15.6 | 1440.0
               +-------+-------+-------+-------+-------+----------------------
